AoeStats
← p1mple

Fortress

507929991Analyzed
2v2 RM · 13d ago on Sep 20, 2026· 65m 57s· 4 players
Game mode
Random Map
Map size
Normal (6 player)
Population
200
Speed
Normal
Resources
Standard
Victory
Conquest
Starting age
Dark Age
Ending age
Imperial Age
RankedLock teamsTeams togetherTeam positionsShared explorationLock speedFull tech treeHidden civsTurbo modeCheats
Victory
Defeat
🇨🇳 Byzantines · China
886
+13
🇨🇳 Saracens · China
882
+13
🇩🇪 Franks · Germany
832
-14
🇩🇪 Hindustanis · Germany
800
-12
p1mple
5:18 Loom
8:43 Feudal Age
9:10 Double-Bit Axe
14:45 Castle Age
13:59 Scale Barding Armor
14:05 Forging
16:21 Wheelbarrow
16:32 Bow Saw
16:46 Chain Barding Armor
17:48 Iron Casting
19:16 Gold Mining
20:38 Hand Cart
21:40 Gold Shaft Mining
21:45 Husbandry
25:32 Stone Mining
29:20 Imperial Age
28:15 Squires
27:36 Pikeman
29:36 Cavalier
34:21 Blast Furnace
33:57 Plate Barding Armor
34:57 Paladin
36:04 Arson
36:29 Scale Mail Armor
38:42 Ballistics
37:55 Halberdier
50:39 Elite Skirmisher
51:39 Chain Mail Armor
51:24 Padded Archer Armor
51:15 Fletching
54:49 Plate Mail Armor
56:18 Bodkin Arrow
56:38 Leather Archer Armor
[KSK] Dauntless
8:15 Feudal Age
9:18 Double-Bit Axe
10:35 Horse Collar
14:28 Castle Age
16:59 Forging
16:50 Scale Mail Armor
17:03 Scale Barding Armor
18:25 Bow Saw
20:05 Pikeman
21:24 Iron Casting
21:10 Chain Barding Armor
22:43 Chain Mail Armor
24:04 Wheelbarrow
24:48 Heavy Plow
27:21 Hand Cart
29:00 Fletching
29:10 Padded Archer Armor
32:20 Imperial Age
30:36 Elite Skirmisher
31:11 Loom
34:38 Blast Furnace
33:33 Bodkin Arrow
33:54 Leather Archer Armor
33:35 Heavy Camel Rider
35:04 Plate Barding Armor
34:51 Leather Archer Armor
35:36 Blast Furnace
35:00 Conscription
37:45 Imperial Camel Rider
45:43 Bodkin Arrow
46:18 Ring Archer Armor
46:15 Ballistics
51:28 Bracer
51:36 Husbandry
55:32 Light Cavalry
56:22 Bloodlines
57:30 Hussar
Acerlatu
6:45 Feudal Age
11:40 Castle Age
10:12 Double-Bit Axe
12:59 Horse Collar
15:01 Wheelbarrow
15:37 Town Watch
15:37 Loom
16:54 Heavy Plow
22:03 Bow Saw
25:35 Stone Mining
25:35 Gold Mining
28:31 Imperial Age
26:18 Hand Cart
26:12 Light Cavalry
28:56 Gold Shaft Mining
29:26 Bloodlines
31:10 Parthian Tactics
30:07 Heavy Cavalry Archer
32:15 Chemistry
31:35 Ballistics
31:24 Thumb Ring
31:23 Husbandry
32:35 Siege Engineers
32:22 Fletching
32:37 Scale Barding Armor
32:43 Forging
32:24 Elite Mameluke
33:24 Conscription
34:48 Bodkin Arrow
35:15 Chain Barding Armor
36:23 Bimaristan
35:37 Hussar
39:01 Arrowslits
39:26 Masonry
39:19 Bracer
39:54 Plate Barding Armor
39:55 Iron Casting
41:55 Elite Mameluke
42:20 Heavy Camel Rider
45:32 Caravan
47:57 Guard Tower
49:03 Sanctity
50:45 Blast Furnace
49:46 Padded Archer Armor
49:16 Capped Ram
51:21 Siege Ram
53:08 Coinage
56:27 Fortified Wall
56:12 Murder Holes
59:32 Banking
Kanata
6:59 Feudal Age
7:50 Horse Collar
8:09 Double-Bit Axe
13:50 Castle Age
14:54 Scale Barding Armor
15:58 Wheelbarrow
15:00 Pikeman
17:43 Stone Mining
17:43 Loom
20:02 Forging
20:57 Hand Cart
24:11 Chain Barding Armor
29:42 Imperial Age
27:13 Fletching
28:33 Fortified Wall
28:20 Murder Holes
28:46 Ballistics
30:21 Iron Casting
29:43 Bodkin Arrow
30:12 Scale Mail Armor
30:55 Logistica
31:53 Guilds
33:49 Plate Barding Armor
34:29 Elite Cataphract
35:31 Conscription
35:53 Husbandry
36:21 Heavy Plow
37:27 Thumb Ring
36:44 Crossbowman
37:41 Chain Mail Armor
37:28 Padded Archer Armor
38:03 Bracer
38:19 Gold Mining
39:08 Stone Shaft Mining
39:46 Leather Archer Armor
40:02 Plate Mail Armor
39:40 Halberdier
39:47 Elite Skirmisher
41:19 Squires
41:04 Gambesons
41:05 Arson
40:41 Man-at-Arms
41:53 Ring Archer Armor
41:18 Guard Tower
41:39 Caravan
41:31 Long Swordsman
45:03 Hoardings
44:29 Greek Fire
44:34 Two-Handed Swordsman
45:45 Champion
52:56 Bow Saw
53:19 Crop Rotation
53:39 Gold Shaft Mining
54:44 Coinage
54:41 Arrowslits
55:32 Keep
60:19 Arbalester
60:20 Heavy Cavalry Archer
62:09 Chemistry
61:30 Shipwright
61:21 Clinker Construction
61:21 Careening
61:17 Siphons
60:53 Treadmill Crane
Connection lost

Rejoining the realm…

Still unreachable

The connection could not be restored.

Session expired

The server has moved on; the page needs a fresh start.